 Dungeon Crawl Stone Soup version 0.19.1-1-g22dce08 (webtiles) character file.

827 Boing the Firebug (level 7, -5/38 HPs)
             Began as a Tengu Fire Elementalist on Jan 16, 2017.
             Slain by a sky beast (6 damage)
             ... on level 5 of the Dungeon.
             The game lasted 00:22:57 (4172 turns).

Boing the Firebug (Tengu Fire Elementalist)         Turns: 4172, Time: 00:22:59

Health: -5/38      AC:  3    Str: 11    XL:     7   Next: 97%
Magic:  3/24       EV: 13    Int: 17    God:
Gold:   172        SH:  0    Dex: 14    Spells: 5 memorised, 2 levels left

rFire  + . .     SeeInvis .     v - staff of fire
rCold  . . .     Gourm    .     a - +0 robe
rNeg   . . .     Faith    .     (no shield)
rPois  .         Spirit   .     (helmet restricted)
rElec  .         Reflect  .     s - +0 cloak
rCorr  .         Harm     .     (no gloves)
MR     .....                    (boots unavailable)
Stlth  ++........               (no amulet)
                                u - ring of magical power
                                h - +2 ring of strength

@: no status effects
A: beak, talons 3, able to fly 1
a: Fly


You were on level 5 of the Dungeon.
You were near starving.

You visited 1 branch of the dungeon, and saw 5 of its levels.

You collected 172 gold pieces.

Inventory:

Hand Weapons
 i - a +3 spear of venom
Missiles
 e - 34 poisoned needles
Armour
 a - a +0 robe (worn)
 r - a +2 ring mail of cold resistance
 s - a +0 cloak (worn)
Magical Staves
 v - an uncursed staff of fire (weapon)
Jewellery
 h - a +2 ring of strength (left hand)
 u - a ring of magical power (right hand)
Wands
 p - a wand of digging (13/24)
Scrolls
 f - 3 scrolls of amnesia {unknown}
 j - 4 scrolls of recharging
 m - a scroll of blinking
 n - a scroll of remove curse
 t - 2 scrolls of identify
Potions
 d - a potion of brilliance {unknown}
 k - 2 potions of haste
 l - a potion of flight
 q - a potion of curing
Books
 b - a book of Flames

   Spells                             Type                      Level
   a - Flame Tongue                   Conjuration/Fire             1
   b - Throw Flame                    Conjuration/Fire             2
   c - Conjure Flame                  Conjuration/Fire             3
   d - Inner Flame                    Hexes/Fire                   3
   e - Sticky Flame                   Conjuration/Fire             4
   f - Fireball                       Conjuration/Fire             5
Comestibles
 c - 2 bread rations
 g - 2 meat rations


   Skills:
 + Level 1.4 Fighting
 - Level 2.4 Polearms
 + Level 2.8 Dodging
 - Level 2.0 Stealth
 * Level 4.8 Spellcasting
 * Level 5.7 Conjurations
 * Level 5.8 Fire Magic


You had 2 spell levels left.
You knew the following spells:

 Your Spells              Type           Power        Failure   Level  Hunger
a - Flame Tongue          Conj/Fire      #####        1%          1    None
b - Throw Flame           Conj/Fire      #####.       1%          2    #......
c - Inner Flame           Hex/Fire       ###.....     14%         3    ###....
d - Conjure Flame         Conj/Fire      #####...     4%          3    ###....
e - Sticky Flame          Conj/Fire      #####...     14%         4    ####...


Dungeon Overview and Level Annotations

Branches:
Dungeon (5/15)
 Temple: D:4-7

Altars:
Fedhas

Annotations:
D:2 Grinder


Innate Abilities, Weirdness & Mutations

You have a beak for a mouth.
You have claws for feet.
You can fly.


Message History

The sky beast flickers out of sight!
Deactivating autopickup; reactivate with Ctrl-A.
A sky beast appears from thin air!
Reactivating autopickup.
The sky beast flickers out of sight!
Deactivating autopickup; reactivate with Ctrl-A.
A howler monkey comes into view.
The howler monkey howls!
Casting: Throw Flame
Confirm with . or Enter, or press ? or * to list all spells.
You don't have enough magic to cast that spell.
The howler monkey hits you.
* * * LOW HITPOINT WARNING * * *
As you read the scroll of fog, it crumbles to dust.
The scroll dissolves into smoke.
The howler monkey hits you.
* * * LOW HITPOINT WARNING * * *
Something hits you.
* * * LOW HITPOINT WARNING * * *
Something shocks you.
You die...

.# #.# #.#
# #.# .#
#####.#
###§#
....(.#
#@h§#
.§###.#
#{###
......# #§#
#####.#####
#.#
......<...#
#.#
#####.###.#
#.# #.# #.#
#.# #.# #.#
#.# #.# #.#
#.#


You could see a howler monkey.

Vanquished Creatures
  Sigmund (D:3)
  A necrophage (D:5)
  3 ogres (D:4)
  2 orc wizards (D:4)
  An orc priest (D:4)
  Ijyb (D:3)
  2 worker ants (D:4)
  A worker ant zombie (D:5)
  6 adders
  A river rat (D:3)
  A shadow imp (D:5)
  4 worms
  5 dart slugs
  4 leopard geckos
  6 orcs
  4 giant cockroaches
  7 goblins
  6 hobgoblins
  5 jackals
  A ball python (D:2)
  5 bats
  A frilled lizard (D:2)
  A jackal zombie (D:4)
  2 kobolds (D:2)
  6 rats
77 creatures vanquished.

Notes
Turn   | Place    | Note
-------+----------+-------------------------------------------
     0 | D:1      | Boing the Tengu Fire Elementalist began the quest for the Orb.
     0 | D:1      | Reached XP level 1. HP: 10/10 MP: 4/4
   220 | D:1      | Reached XP level 2. HP: 14/15 MP: 1/6
   224 | D:1      | Learned a level 2 spell: Throw Flame
   657 | D:1      | Reached XP level 3. HP: 19/19 MP: 0/7
   664 | D:1      | Learned a level 3 spell: Inner Flame
  1479 | D:3      | Reached skill level 1 in Polearms
  1488 | D:3      | Reached XP level 4. HP: 19/24 MP: 0/8
  1747 | D:3      | Noticed Sigmund
  1751 | D:3      | Killed Sigmund
  1751 | D:3      | Gained mutation: You can fly. [Tengu growth]
  1751 | D:3      | Reached XP level 5. HP: 22/28 MP: 1/10
  1751 | D:3      | Reached XP level 6. HP: 26/33 MP: 1/11
  1755 | D:3      | Noticed Grinder
  1763 | D:3      | Paralysed by Grinder for 7 turns
  2157 | D:3      | Paralysed by Grinder for 3 turns
  2450 | D:3      | Noticed Ijyb
  2504 | D:3      | Killed Ijyb
  2504 | D:3      | Reached skill level 5 in Fire Magic
  2847 | D:3      | Found a blossoming altar of Fedhas.
  2910 | D:4      | Reached skill level 1 in Fighting
  3131 | D:4      | Reached XP level 7. HP: 38/38 MP: 0/13
  3376 | D:4      | Reached skill level 5 in Conjurations
  3396 | D:4      | Learned a level 3 spell: Conjure Flame
  3401 | D:4      | Learned a level 4 spell: Sticky Flame
  4120 | D:5      | Entered Level 5 of the Dungeon
  4172 | D:5      | HP: 1/38 [something (5)]
  4172 | D:5      | Slain by a sky beast

Skill      XL: |  1  2  3  4  5  6  7 |
---------------+----------------------+-----
Fire Magic     | 4 5 |  5.8
Conjurations   | 2 3 4 5 |  5.7
Polearms       | 1 2 |  2.4
Spellcasting   | 3 4 |  4.8
Fighting       | 1 |  1.4
Dodging        | |  2.8
Stealth        | |  2.0

Action                   |  1- 3 |  4- 6 |  7- 9 || total
-------------------------+-------+-------+-------++-------
Melee: Unarmed           |     1 |       |       ||     1
       Spear             |    39 |    29 |     9 ||    77
       Kick              |     8 |     5 |     3 ||    16
       Peck              |     3 |       |     3 ||     6
       Staff             |       |       |     3 ||     3
 Cast: Flame Tongue      |    12 |    21 |    10 ||    43
       Throw Flame       |    34 |    42 |    17 ||    93
       Inner Flame       |       |     2 |     2 ||     4
       Sticky Flame      |       |       |     5 ||     5
       Conjure Flame     |       |       |     4 ||     4
  Use: Potion            |     2 |     2 |     1 ||     5
       Scroll            |     1 |     7 |     1 ||     9
  Eat: Chunk             |     4 |     4 |     3 ||    11
       Bread ration      |       |     1 |       ||     1
Armor: Robe              |     8 |    16 |     2 ||    26
Dodge: Dodged            |    32 |    38 |    13 ||    83
